Map: Kairos Junction LE

Players

HellraiseR - Winner!

  • Race: Protoss Protoss
  • Spawn Location: 11:00

MacSed

  • Race: Protoss Protoss
  • Spawn Location: 5:00

Event: 2019 WCS Spring

VOD

Have the link to the VOD?

Description

Time

  • Played on: May 18, 2019, 7:45 a.m.
  • Length: 8:34

All games in this series

Show
View Real Time Build Order
Export as new Build Order

HellraiseR Protoss - Winner!

Build Orders: Zealot Archon 

Get SALT Encoding   

  12  0:00  Probe  
  13  0:12  Probe  
  14  0:17  Pylon  
  14  0:22  Probe  
  15  0:31  Probe  
  15  0:38  Gateway  
  15  0:41  Probe  
  16  0:46  Assimilator  
  17  0:53  Probe  
  17  0:55  Assimilator  
  18  1:01  Probe  
  18  1:09  Probe, Gateway  
  20  1:20  Probe  
  20  1:25  Cybernetics Core  
  21  1:32  Probe  
  22  1:34  Pylon  
  22  1:44  Probe  
  23  1:56  Probe  
  24  2:01  Stalker x2  
  24  2:02  Warp Gate  
  29  2:08  Probe  
  29  2:12  Pylon  
  29  2:21  Probe  
  30  2:32  Stalker x2  
  33  2:57  Nexus  
  33  3:01  Probe  
  33  3:05  Sentry  
  36  3:07  Sentry  
  39  3:20  Robotics Facility  
  39  3:24  Pylon  
  38  3:29  Shield Battery  
  38  3:32  Probe  
  39  3:44  Probe  
  40  3:56  Probe  
  40  3:57  Adept  
  40  3:58  Adept  
  45  4:06  Observer  
  46  4:16  Probe  
  43  4:18  Warp Prism  
  43  4:19  Probe  
  43  4:21  Stalker x2  
  46  4:28  Probe  
  49  4:31  Probe  
  50  4:40  Probe  
  50  4:45  Sentry x2  
  56  4:53  Pylon  
  56  4:56  Probe x2  
  57  5:01  Pylon  
  57  5:06  Stalker x2  
  61  5:12  Probe x2  
  63  5:24  Probe  
  63  5:26  Probe  
  63  5:28  Immortal  
  65  5:31  Sentry x2  
  67  5:36  Probe  
  67  5:38  Probe  
  67  5:41  Forge  
  69  5:47  Probe  
  69  5:48  Probe  
  64  5:55  Probe  
  64  5:56  Assimilator, Probe  
  61  5:58  Assimilator  
  61  6:03  Probe, Forge  
  61  6:04  Twilight Council  
  63  6:05  Probe  
  63  6:10  Protoss Ground Weapons Level 1  
  65  6:15  Probe  
  65  6:17  Shield Battery  
  66  6:18  Immortal  
  66  6:31  Charge  
  66  6:32  Pylon  
  70  6:33  Gateway  
  70  6:34  Gateway  
  70  6:45  Gateway  
  70  6:47  Gateway  
  70  6:50  Gateway  
  70  6:52  Gateway  
  70  6:58  Templar Archives  
  70  7:06  Immortal  
  70  7:08  Zealot  
  76  7:09  Zealot  
  78  7:20  Photon Cannon  
  78  7:22  Photon Cannon  
  78  7:34  High Templar x2  
  78  7:35  Zealot x2  
  86  7:37  Pylon  
  86  7:39  Archon  
  86  7:40  Pylon  
  86  7:54  Nexus  
  86  8:01  High Templar x2  
  86  8:02  Zealot x3  
  96  8:05  Archon  
  96  8:06  Zealot  
  96  8:11  Zealot  
  100  8:12  Zealot  
  92  8:28  Zealot x4  
Show
View Real Time Build Order
Export as new Build Order

MacSed Protoss 

Build Orders: Oracle Opening 

Get SALT Encoding   

  12  0:00  Probe  
  13  0:12  Probe  
  14  0:17  Pylon  
  14  0:23  Probe  
  15  0:32  Probe  
  15  0:38  Gateway  
  15  0:40  Probe  
  16  0:46  Assimilator  
  17  0:51  Probe  
  17  0:54  Assimilator  
  18  0:59  Probe  
  19  1:07  Probe  
  19  1:12  Gateway  
  19  1:17  Probe  
  21  1:25  Cybernetics Core  
  21  1:30  Probe  
  22  1:36  Pylon  
  22  1:42  Probe  
  23  1:54  Probe  
  23  1:56  Warp Gate  
  24  2:03  Stalker, Sentry  
  24  2:06  Probe  
  29  2:11  Pylon  
  29  2:29  Stargate  
  29  2:36  Stalker  
  30  2:53  Nexus  
  30  2:56  Probe  
  31  3:05  Oracle  
  31  3:06  Pylon  
  31  3:08  Probe  
  35  3:30  Shield Battery  
  35  3:33  Probe  
  36  3:44  Stalker x2  
  36  3:47  Pylon  
  40  3:53  Pylon  
  40  4:01  Probe  
  40  4:05  Probe  
  42  4:10  Probe  
  43  4:17  Probe  
  43  4:19  Probe  
  43  4:21  Sentry  
  44  4:29  Probe x2  
  46  4:31  Robotics Facility  
  46  4:37  Probe  
  46  4:41  Probe  
  46  4:43  Forge  
  48  4:45  Probe  
  48  4:46  Shield Battery  
  49  4:53  Probe  
  49  4:56  Assimilator  
  49  4:57  Probe  
  49  4:59  Assimilator  
  51  5:04  Pylon  
  51  5:06  Probe  
  52  5:09  Probe  
  52  5:12  Observer  
  53  5:18  Probe  
  53  5:20  Protoss Ground Weapons Level 1, Adept x2  
  59  5:21  Probe  
  60  5:34  Probe  
  59  5:40  Stalker x2  
  56  5:43  Probe  
  56  5:47  Probe  
  51  5:55  Probe  
  50  5:57  Pylon  
  50  5:58  Immortal  
  50  6:01  Probe  
  50  6:02  Pylon  
  55  6:08  Probe  
  56  6:13  Probe  
  56  6:17  Gateway x2  
  57  6:20  Probe  
  57  6:21  Pylon  
  57  6:22  Sentry  
  57  6:24  Twilight Council  
  57  6:25  Probe  
  61  6:32  Probe  
  62  6:36  Gateway  
  62  6:37  Gateway  
  62  6:45  Immortal  
  66  6:53  Probe  
  67  6:58  Gateway  
  67  7:01  Gateway  
  67  7:05  Probe x2  
  69  7:10  Pylon  
  69  7:12  Templar Archives  
  69  7:19  Observer  
  69  7:31  Probe x2  
  71  7:42  Nexus  
  71  7:43  Probe x2  
  73  7:45  Pylon  
  77  7:51  Immortal  
  77  7:59  High Templar x2  
  77  8:04  Zealot x3, Archon  
  87  8:11  Zealot  
  87  8:12  Zealot  
  91  8:25  Zealot x3  
Tags
 
Add a new tag
Caveats
  • Supply blocks, unpowered buildings, or Contaminate may cause inaccurate times.
  • Supply counts are checked every 10 seconds.